 Dungeon Crawl Stone Soup version 0.30-b1-2-g02819fbbbe (webtiles) character file.

Game seed: 7618668543838553845

1733914 NoMoreGames the Conqueror (level 27, 199/199 HPs)
             Began as a Gargoyle Earth Elementalist on Aug 18, 2023.
             Was the Champion of Vehumet.
             Escaped with the Orb
             ... and 3 runes!
             The game lasted 03:28:04 (64938 turns).

NoMoreGames the Conqueror (GrEE)                   Turns: 64938, Time: 03:28:05

Health: 199/199    AC: 45    Str: 10      XL:     27
Magic:  47/47      EV: 21    Int: 43 (44) God:    Vehumet [******]
Gold:   5790       SH: 15    Dex: 12      Spells: 26/66 levels left

rFire   + + .        c - staff of earth
rCold   + + +        T - +2 shield of Resistance {rF++ rC++ Will++}
rNeg    + + .        V - +1 faerie dragon scales {rC+ Will+ Regen+ rCorr}
rPois   ∞            L - +2 helmet {SInv}
rElec   +            j - +2 cloak
rCorr   +            d - +2 pair of gloves
SInv    +            M - +1 pair of boots "Renikhlu" {rN+ Int+6}
Will    +++++        J - amulet of Vanity {RegenMP Dex+2}
Stlth   +            E - +6 ring of intelligence
HPRegen 1.33/turn    U - ring of Optiggiedd {EV+5 Int+2}
MPRegen 0.70/turn

%: no passive effects
@: flying, studying Transmutations
A: sickness immunity, AC +20, big wings, negative energy resistance 1,
electricity resistance, torment resistance 1, petrification resistance,
deterioration 1, weak 1, wild magic 1
0: Orb of Zot
}: 3/15 runes: decaying, serpentine, silver
a: Renounce Religion


You escaped.
You worshipped Vehumet.
Vehumet was exalted by your worship.
You visited 10 branches of the dungeon, and saw 48 of its levels.
You also visited: Gauntlet and Ice Cave.

You collected 7607 gold pieces.
You spent 1817 gold pieces at shops.

Inventory:

Armour
 d - a +2 pair of gloves (worn)
 j - a +2 cloak (worn)
 L - a +2 helmet of see invisible (worn)
 M - the +1 pair of boots "Renikhlu" (worn) {rN+ Int+6}
   (You acquired it on level 5 of the Vaults)

   Int:       It affects your intelligence (+6).
   rN:        It protects you from negative energy.
 T - the +2 shield of Resistance (worn) {rF++ rC++ Will++}
   (You found it on level 2 of the Snake Pit)

   rF:        It greatly protects you from fire.
   rC:        It greatly protects you from cold.
   Will:      It greatly increases your willpower.
 V - the +1 faerie dragon scales (worn) {rC+ Will+ Regen+ rCorr}
   (You took it off the Enchantress on level 1 of the Depths)

   rC:        It protects you from cold.
   Regen:     It increases your rate of health regeneration.
   rCorr:     It protects you from acid and corrosion.
   Will:      It increases your willpower.
Magical Staves
 c - a staff of earth (weapon)
Jewellery
 E - a +6 ring of intelligence (left hand)
 J - the amulet of Vanity (around neck) {RegenMP Dex+2}
   (You found it in a Gauntlet)

   [amulet of magic regeneration]

   It increases your rate of magic regeneration.
   Dex:       It affects your dexterity (+2).
 U - the ring of Optiggiedd (right hand) {EV+5 Int+2}
   (You acquired it on level 12 of the Dungeon)

   [ring of evasion]

   EV:        It affects your evasion (+5).
   Int:       It affects your intelligence (+2).
Wands
 r - a wand of digging (19)
 v - a wand of mindburst (55)
 A - a wand of acid (23)
 G - a wand of polymorph (38)
 H - a wand of iceblast (22)
 N - a wand of flame (171)
 O - a wand of charming (84)
Scrolls
 e - 10 scrolls of fear
 f - 7 scrolls of fog
 o - 34 scrolls of teleportation
 p - a scroll of magic mapping
 q - 10 scrolls of enchant weapon
 t - 4 scrolls of brand weapon
 w - 4 scrolls of amnesia
 x - 3 scrolls of enchant armour
 B - 7 scrolls of blinking
 I - 40 scrolls of identify
 Q - 4 scrolls of poison
Potions
 a - 3 potions of cancellation
 b - 3 potions of magic
 g - 6 potions of berserk rage
 h - 9 potions of might
 i - 4 potions of resistance
 k - 24 potions of curing
 l - 6 potions of flight
 m - 10 potions of mutation
 s - 21 potions of heal wounds
 u - 7 potions of invisibility
 z - 7 potions of lignification
 C - 9 potions of attraction
 D - 4 potions of ambrosia
 F - 4 potions of brilliance
 P - 4 potions of haste
Miscellaneous
 n - a condenser vane
 y - a phial of floods
 K - a box of beasts
 R - a lightning rod (4/4)
 S - a phantom mirror


   Skills:
 O Level 27 Fighting
 - Level 5.0 Staves
 + Level 13.7 Armour
 + Level 16.2 Dodging
 - Level 7.0 Stealth
 - Level 15.0 Shields
 - Level 20.0 Spellcasting
 - Level 12.0 Conjurations
 - Level 10.0 Necromancy
 - Level 6.0 Translocations
 - Level 1.0 Transmutations
 - Level 22.0 Earth Magic
 - Level 5.0 Evocations


You had 26 spell levels left.
You knew the following spells:

 Your Spells              Type           Power      Damage    Failure   Level
a - Blink                 Tloc           100%       N/A       1%          2
b - Passwall              Tmut/Erth      100%       N/A       1%          2
c - Stone Arrow           Conj/Erth      100%       3d13      1%          3
d - Lee's Rapid Deconstr  Erth           83%        3d37*     1%          5
e - Borgnjor's Vile Clut  Necr/Erth      75%        N/A       1%          5
f - Iron Shot             Conj/Erth      76%        9d14      1%          6
g - Lehudib's Crystal Sp  Conj/Erth      76%        10d17     4%          8
h - Shatter               Erth           83%        3d60*     7%          9

Your spell library contained the following spells:

 Spells                   Type           Power      Damage    Failure   Level
 Ignition                 Fire           27%        3d9       100%        8
 Apportation              Tloc           100%       N/A       1%          1
 Foxfire                  Conj/Fire      100%       2x1d9     1%          1
 Freeze                   Ice            100%       1d10      1%          1
 Magic Dart               Conj           100%       1d8       1%          1
 Sandblast                Erth           100%       2d20      1%          1
 Shock                    Conj/Air       100%       1d9       1%          1
 Lesser Beckoning         Tloc           100%       N/A       1%          2
 Momentum Strike          Conj/Tloc      100%       3d10      1%          2
 Poisonous Vapours        Pois/Air       100%       N/A       1%          2
 Dazzling Flash           Conj/Hex       100%       N/A       1%          3
 Hailstorm                Conj/Ice       89%        3d18      1%          3
 Vampiric Draining        Necr           100%       2d13      1%          3
 Animate Armour           Summ/Erth      100%       N/A       1%          4
 Flame Wave               Conj/Fire      89%        2d19      1%          4
 Iskenderun's Mystic Bla  Conj/Tloc      100%       2d19      1%          4
 Petrify                  Tmut/Erth      100%       N/A       1%          4
 Sticky Flame             Conj/Fire      89%        2d10      1%          4
 Agony                    Necr           100%       N/A       1%          5
 Arcjolt                  Conj/Air       44%        1d54      1%          5
 Fireball                 Conj/Fire      44%        3d18      1%          5
 Irradiate                Conj/Tmut      45%        3d26      1%          5
 Iskenderun's Battlesphe  Conj           100%       2d15      1%          5
 Frozen Ramparts          Ice            100%       1d16      2%          3
 Inner Flame              Hex/Fire       54%        N/A       2%          3
 Portal Projectile        Hex/Tloc       100%       N/A       2%          3
 Vhi's Electric Charge    Tloc/Air       100%       N/A       2%          3
 Passage of Golubria      Tloc           89%        N/A       2%          4
 Slow                     Hex            100%       N/A       3%          1
 Summon Small Mammal      Summ           100%       N/A       3%          1
 Wereblood                Tmut           61%        N/A       3%          2
 Anguish                  Hex/Necr       42%        N/A       3%          4
 Ensorcelled Hibernation  Hex/Ice        100%       N/A       4%          2
 Orb of Destruction       Conj           56%        9d14      4%          7
 Spider Form              Tmut/Pois      57%        N/A       6%          3
 Airstrike                Air            27%        2d(4-20)  6%          4
 Call Canine Familiar     Summ           54%        N/A       8%          3
 Confusing Touch          Hex            54%        N/A       8%          3
 Ozocubu's Armour         Ice            54%        N/A       8%          3
 Summon Guardian Golem    Hex/Summ       54%        N/A       8%          3
 Swiftness                Air            54%        N/A       8%          3
 Tukima's Dance           Hex            54%        N/A       8%          3
 Conjure Ball Lightning   Conj/Air       44%        3x3d15    8%          6
 Yara's Violent Unravell  Hex/Tmut       28%        3d12      13%         5
 Summon Forest            Summ/Tloc      36%        N/A       17%         5
 Cause Fear               Hex            27%        N/A       22%         4
 Spellforged Servitor     Conj/Summ      44%        N/A       32%         7
 Blade Hands              Tmut           30%        N/A       36%         5
 Simulacrum               Ice/Necr       42%        N/A       38%         6
 Alistair's Intoxication  Tmut/Pois      38%        N/A       43%         5
 Metabolic Englaciation   Hex/Ice        27%        N/A       47%         5
 Silence                  Hex/Air        27%        N/A       47%         5
 Plasma Beam              Fire/Air       27%        2x1d43    54%         6
 Borgnjor's Revivificati  Necr           53%        N/A       90%         8
 Ozocubu's Refrigeration  Ice            27%        4d13      96%         7
 Dragon Form              Tmut           30%        N/A       100%        7
 Enfeeble                 Hex            27%        N/A       100%        7
 Summon Hydra             Summ           27%        N/A       100%        7
 Discord                  Hex            27%        N/A       100%        8
 Disjunction              Tloc           44%        N/A       100%        8
 Necromutation            Tmut/Necr      43%        N/A       100%        8
 Chain Lightning          Conj/Air       44%        3d59      100%        9
 Death's Door             Necr           53%        N/A       100%        9
 Dragon's Call            Summ           27%        N/A       100%        9
 Fire Storm               Conj/Fire      44%        8d11      100%        9
 Polar Vortex             Ice            27%        N/A       100%        9
 Sublimation of Blood     Necr           Unusable   N/A       N/A         2
 Statue Form              Tmut/Erth      Unusable   N/A       N/A         6

Dungeon Overview and Level Annotations

Branches:
Dungeon (15/15)            Temple (1/1) D:5            Lair (5/5) D:9
  Swamp (4/4) Lair:3        Snake (4/4) Lair:2        Slime (0/5) Lair:4
    Orc (2/2) D:12            Elf (3/3) Orc:2        Vaults (5/5) D:13
  Crypt (0/3) Vaults:3     Depths (4/4) D:15            Zot (5/5) Depths:4
  IceCv (visited)         Gauntlet (visited)

Altars:
Ashenzari
Cheibriados
Elyvilon
Fedhas
Gozag
Hepliaklqana
Kikubaaqudgha
Makhleb
Nemelex Xobeh
Ru
Sif Muna
Trog
Uskayaw
Vehumet
Xom
Yredelemnul
Zin
The Shining One

Shops:
D:4 *?   D:5 **   D:10 (   D:11 =   D:13 !   Orc:2 :*:[   Elf:1 (   Elf:3 :
Snake:1 (   Vaults:1 !   Depths:1 :   Depths:3 *

Portals:
Hell: Depths:1 Depths:2 Depths:3 Depths:4
Abyss: Depths:2 Depths:3
Pandemonium: Depths:2
Ziggurat: Depths:4
Trove: D:15 (give +4 fire dragon scales)

Annotations:
D:9 4 transporters
D:11 3 runed translucent doors, diceflayer's ghost, journeyman MiFi
Elf:2 3 runed translucent doors
Vaults:1 1 runed translucent door, discopopstar's ghost, adept MiFi
Depths:1 1 runed translucent door
Zot:3 2 transporters, exclusion: obsidian statue


Innate Abilities, Weirdness & Mutations

You are immune to sickness and miasma.
Your stone body is resilient. (AC +20)
You are immune to poison.
Your large and strong wings let you fly.
You resist negative energy. (rN+)
You are resistant to electric shocks. (rElec)
You are resistant to unholy torment.
You are immune to petrification.
Your body sometimes deteriorates upon taking damage.
You are weak. (Str -2)
Your spells are a little harder to cast, but a little more powerful.


Message History

Aim: a black bear (100% to hit)
You feel a surge of power!
Zombie hands grab the black bear.
The zombie hands constrict the black bear!
The black bear struggles to escape constriction.
The zombie hands constrict the black bear!
The black bear struggles to escape constriction.
The zombie hands constrict the black bear!!
You kill the black bear!
Vehumet accepts your kill.
You feel your power returning.
There is a stone staircase leading up here.
You fly upwards.
There is a stone staircase leading down here.
A red devil comes into view. It is wielding a +0 trident.
You can't go up here!
Casting: Borgnjor's Vile Clutch (mildly dangerous; 1% risk of failure)
Confirm with . or Enter, or press ? or * to list all spells.
Aiming: Borgnjor's Vile Clutch (mildly dangerous; 1% risk of failure)
Press: ? - help, Shift-Dir - straight line, f - red devil
Aim: a red devil, wielding a +0 trident (100% to hit)
You feel a surge of power!
Zombie hands grab the red devil.
The zombie hands constrict the red devil!
The red devil struggles to escape constriction.
The zombie hands constrict the red devil!
You kill the red devil!
Vehumet accepts your kill.
You feel your power returning.
There is a stone staircase leading up here.
The hobgoblin shouts!
You fly upwards.
There is a stone staircase leading down here. 2 sun demons come into view.
The sun demon shouts! x2
There is a stone staircase leading down here.
There is a large open door here.
There is an open door here.
There is a staircase leading out of the dungeon here.
You have escaped!

#># #.+..+.#..........
#.######..######.##..##
#3#..#8....8# #.....#
###.#.####..### #....##
##...3.##.+..+.# #.####
#.#....####..######.#
##.....##8.3..8#....#
#.###.####..######.# #.#
#.##@3..'.# #.# #.#
#.####..### #.######
###.###.###8..8## #.......
#.........##''######.######
##...............)....#
#.....###############.##
#.....# #..# #.....# ##.#
##...## #.#


You could see 2 sun demons.

Vanquished Creatures
  5 dread liches
  4 orbs of fire
  6 ancient liches (Zot:5)
  Margery (Vaults:5)
  Bai Suzhen (Swamp:4)
  3 Killer Klowns (Zot:5)
  3 curse toes
  2 caustic shrikes (Depths:3)
  the Enchantress (Depths:1)
  Nikola (Depths:1)
  3 golden dragons
  A bone dragon (Depths:4)
  3 electric golems
  Rupert (Orc:1)
  Jorgrun (Swamp:1)
  A walking crystal tome (Depths:3)
  Zenata (Elf:1)
  Asterion (Depths:1)
  16 tentacled monstrosities
  10 quicksilver dragons
  3 liches
  2 titans (Vaults:5)
  A deep elf blademaster (Elf:3)
  21 Orb Guardians
  A deep elf master archer (Elf:3)
  A walking frostbound tome (Depths:3)
  4 sphinxes
  An Executioner (Depths:4)
  5 death cobs
  3 tengu reavers
  15 storm dragons
  2 thorn hunters (Swamp:4)
  8 draconian knights
  11 shadow dragons
  4 draconian monks
  Kirke (Snake:3)
  3 fenstrider witches
  8 nagarajas
  3 fire giants
  Donald (Elf:1)
  2 iron dragons
  16 vault wardens
  Louise (Swamp:1)
  6 frost giants
  5 ghost moths
  9 deep elf sorcerers
  5 spectral caustic shrikes (Depths:2)
  2 cacodemons
  4 deep elf elementalists (Elf:3)
  3 orc warlords
  10 ironbound thunderhulks
  9 draconian scorchers
  7 draconian stormcallers
  16 draconian annihilators
  5 draconian shifters
  3 spriggan defenders (Depths:1)
  A vampire knight (Depths:3)
  4 war gargoyles
  27 ironbound preservers
  12 stone giants
  26 very ugly things
  A broodmother (shapeshifter) (Vaults:5)
  14 black draconians
  17 green draconians
  7 yellow draconians
  A minotaur (Gauntlet)
  6 deep elf demonologists
  20 purple draconians
  2 spark wasps (Depths:1)
  7 eleionomae
  A lorocyproca (Depths:2)
  15 white draconians
  Azrael (Snake:3)
  Nessos (D:14)
  15 dire elephants
  5 bunyips
  9 red draconians
  8 deep elf annihilators
  7 deep elf death magi
  14 ettins
  A blizzard demon (D:7)
  3 shambling mangroves
  A merfolk impaler (Depths:1)
  8 fire dragons
  A merfolk javelineer (Depths:2)
  8 deep elf high priests
  3 crystal guardians
  19 yaktaur captains
  4 great orbs of eyes
  41 vault guards
  8 ice dragons
  2 rakshasas
  22 hydras
  4 peacekeepers
  10 spriggan air magi
  15 centaur warriors
  2 salamander tyrants
  3 ogre magi
  A catoblepas (Lair:5)
  A ghost crab (Swamp:1)
  A jorogumo (shapeshifter) (Depths:2)
  4 boulder beetles
  13 ironbound frosthearts
  2 death knights (Vaults:3)
  16 dancing weapons
  10 anacondas
  14 two-headed ogres
  9 alligators
  3 tengu warriors
  6 deep troll shamans
  9 orc high priests (Orc:2)
  11 spriggan berserkers
  9 death yaks
  16 naga warriors
  13 shock serpents
  2 deep troll earth magi
  8 deep elf knights
  24 spriggans
  13 naga sharpshooters
  Nergalle (D:12)
  Sonja (D:11)
  14 hell knights
  A shadow wraith (Vaults:5)
  2 sixfirhies (D:11)
  A fire crab (shapeshifter) (D:14)
  4 skeletal warriors
  4 skysharks
  8 salamander mystics
  A skyshark (shapeshifter) (Depths:2)
  2 goliath frogs (Swamp:2)
  5 glowing orange brains
  4 iron trolls
  12 lindwurms
  3 spriggan druids
  40 deep trolls
  A tengu zombie (Vaults:3)
  A lindwurm (shapeshifter) (D:13)
  3 deep elf archers
  8 swamp dragons
  7 bog bodies
  A sphinx zombie (Vaults:3)
  11 wizards
  5 phantasmal warriors
  A tengu skeleton (Vaults:3)
  2 wolf spider zombies (D:15)
  23 ironbound convokers
  6 naga ritualists
  20 deep elf pyromancers
  A mana viper (shapeshifter) (D:14)
  6 necromancers
  6 orc sorcerers
  8 orc knights
  18 deep elf zephyrmancers
  6 mana vipers
  54 ugly things
  A faun (shapeshifter) (Vaults:5)
  A shining eye (shapeshifter) (Depths:3)
  27 salamanders
  3 manticores
  5 will-o-the-wisps
  5 cyclopes
  26 elephants
  35 black mambas
  An ice statue (IceCv)
  27 moths of wrath
  4 guardian serpents
  28 naga magi
  A centaur zombie (D:15)
  An orange demon (D:11)
  22 vault sentinels
  3 torpor snails
  2 gargoyles
  7 cane toads
  A centaur skeleton (D:15)
  6 komodo dragons
  2 freezing wraiths (Vaults:5)
  A yaktaur zombie (Vaults:3)
  4 kobold demonologists
  An efreet (D:15)
  2 unseen horrors
  16 rime drakes
  23 yaktaurs
  2 red devils
  An ice devil (Depths:2)
  A polar bear (shapeshifter) (Elf:1)
  A bloated husk (Swamp:3)
  6 trolls
  9 tyrant leeches
  2 hellwings (Depths:2)
  23 hornets
  26 blink frogs
  3 ettin zombies (Vaults:3)
  13 polar bears
  A fire giant simulacrum (Vaults:3)
  29 slime creatures
  A vampire (D:14)
  3 wraiths
  A culicivora (shapeshifter) (D:14)
  6 water elementals
  2 large abominations (Depths:4)
  An air elemental (Elf:2)
  92 yaks
  4 hogs (Snake:3)
  A hog (shapeshifter) (D:14)
  2 chaos spawn (Gauntlet)
  2 wyverns
  3 fire elementals (Snake:3)
  A neqoxec (Gauntlet)
  A yaktaur simulacrum (Vaults:4)
  11 vampire mosquitoes
  7 wargs
  5 basilisks
  2 steam dragons
  A redback (shapeshifter) (Depths:4)
  A redback (Gauntlet)
  52 nagas
  13 swamp worms
  3 acid dragons
  3 hell hounds (Snake:3)
  A floating eye (shapeshifter) (Vaults:5)
  A floating eye (Depths:2)
  10 water moccasins
  Duvessa (D:5)
  17 orc warriors
  3 ice beasts
  13 swamp drakes
  7 sky beasts
  8 boggarts
  6 black bears
  72 wolves
  10 centaurs
  13 ogres
  A phantom (D:5)
  6 kobold brigands
  10 bullfrogs
  4 gnoll sergeants
  4 earth elementals
  A glowing shapeshifter simulacrum (Vaults:3)
  2 scorpions
  9 wights
  Dowan (D:5)
  3 killer bees (D:11)
  2 electric eels (Lair:3)
  8 howler monkeys
  2 lava snakes
  2 hounds
  8 jellies
  2 gnoll boudas
  34 orc priests
  3 sleepcaps
  18 orc wizards
  3 iguanas
  4 hell rats (Lair:1)
  4 lightning spires (Depths:1)
  35 gnolls
  9 adders
  A white imp (D:7)
  3 ufetubi
  5 worms
  4 dart slugs
  78 orcs
  12 endoplasms
  3 giant cockroaches
  4 goblins
  10 hobgoblins
  8 jackals
  42 kobolds
  6 quokkas
  11 ball pythons
  12 bats
  10 frilled lizards
  3 rats
2257 creatures vanquished.

Vanquished Creatures (collateral kills)
  A deep elf sorcerer (Elf:3)
  A deep elf elementalist (Elf:3)
  A deep elf demonologist (Elf:3)
  A deep elf annihilator (Elf:3)
  A deep elf high priest (Elf:3)
5 creatures vanquished.

Vanquished Creatures (others)
  An alligator (Swamp:3)
  3 humans (Snake:3)
  6 foxfires
  83 fungi
  125 plants
  8 toadstools (D:5)
226 creatures vanquished.

Grand Total: 2488 creatures vanquished

Notes
Turn   | Place    | Note
-------+----------+-------------------------------------------
     0 | D:1      | NoMoreGames the Gargoyle Earth Elementalist began the quest
                  | for the Orb.
     0 | D:1      | Reached XP level 1. HP: 10/10 MP: 3/3
   134 | D:1      | Reached XP level 2. HP: 15/15 MP: 3/5
   210 | D:1      | Learned a level 2 spell: Passwall
   524 | D:1      | Reached XP level 3. HP: 19/19 MP: 1/6
   876 | D:2      | Learned a level 3 spell: Stone Arrow
  1147 | D:2      | Found a faded altar of an unknown god.
  1276 | D:2      | Reached skill level 1 in Conjurations
  1290 | D:2      | Reached XP level 4. HP: 16/24 MP: 5/8
  1384 | D:2      | You fall into a shaft and drop 2 floors!
  1900 | D:3      | Noticed a black bear
  1952 | D:3      | Found a glowing golden altar of the Shining One.
  2012 | D:3      | Reached skill level 5 in Earth Magic
  2026 | D:3      | Identified the +11 chain mail "Gaikiewk" {Will+ Int+3
                  | Slay-5}
  2063 | D:3      | Reached XP level 5. HP: 28/28 MP: 6/9
  2493 | D:4      | Found a broken altar of Ashenzari.
  2628 | D:4      | Found Gabrus's Magic Scroll Shop.
  2654 | D:4      | Bought a scroll of teleportation for 30 gold pieces
  2654 | D:4      | Bought a scroll of teleportation for 30 gold pieces
  2654 | D:4      | Bought a scroll of identify for 20 gold pieces
  2654 | D:4      | Bought a scroll of identify for 20 gold pieces
  2656 | D:4      | Bought a scroll of fog for 40 gold pieces
  2696 | D:4      | Found Dokkuv's CLEARANCE SALE!.
  2805 | D:4      | Noticed a centaur
  2904 | D:4      | Noticed a black bear
  2907 | D:4      | Killed a black bear
  2908 | D:4      | Reached XP level 6. HP: 32/32 MP: 6/12
  3106 | D:3      | Found a bloodstained altar of Trog.
  3531 | D:4      | Reached skill level 5 in Conjurations
  3533 | D:4      | Reached skill level 1 in Transmutations
  3617 | D:4      | Reached XP level 7. HP: 36/36 MP: 9/13
  4169 | D:5      | Entered Level 5 of the Dungeon
  4701 | D:5      | Found Hoannog's Neck Hole.
  4703 | D:5      | Reached XP level 8. HP: 41/41 MP: 11/15
  4708 | D:5      | Found a staircase to the Ecumenical Temple.
  4725 | D:5      | Reached skill level 5 in Spellcasting
  4804 | Temple   | Entered the Ecumenical Temple
  4812 | Temple   | Became a worshipper of Vehumet
  4953 | D:5      | Noticed Duvessa
  4953 | D:5      | Noticed Dowan
  4987 | D:5      | Killed Duvessa
  5295 | D:5      | Killed Dowan
  5487 | D:5      | Found Minkiunt's Assorted Antiques.
  5695 | D:5      | Reached * piety under Vehumet
  5695 | D:5      | Offered knowledge of Freeze by Vehumet.
  5770 | D:5      | Noticed a slime creature
  5770 | D:5      | Noticed a slime creature
  5874 | D:6      | Reached XP level 9. HP: 45/45 MP: 11/19
  6161 | D:6      | Reached skill level 1 in Fighting
  6161 | D:6      | Reached skill level 1 in Staves
  6161 | D:6      | Reached skill level 1 in Shields
  6161 | D:6      | Reached skill level 1 in Evocations
  7049 | D:7      | Reached ** piety under Vehumet
  7071 | D:7      | Offered knowledge of Poisonous Vapours by Vehumet.
  7188 | D:7      | Reached skill level 2 in Fighting
  7895 | D:7      | Found a snail-covered altar of Cheibriados.
  8337 | D:7      | Found an ancient bone altar of Kikubaaqudgha.
  8428 | D:7      | Reached skill level 3 in Fighting
  8846 | D:8      | Noticed a troll
  8852 | D:8      | Killed a troll
  8853 | D:8      | Reached XP level 10. HP: 56/56 MP: 15/20
  8951 | D:8      | Reached skill level 4 in Fighting
  8962 | D:8      | Offered knowledge of Mephitic Cloud by Vehumet.
  9100 | D:8      | Noticed a two-headed ogre
  9105 | D:8      | Killed a two-headed ogre
  9408 | D:8      | Found a blossoming altar of Fedhas.
  9650 | D:8      | Reached *** piety under Vehumet
  9801 | D:8      | Found a white marble altar of Elyvilon.
  9964 | D:9      | Found a staircase to the Lair.
 10062 | D:9      | Reached skill level 5 in Fighting
 10062 | D:9      | Reached skill level 5 in Shields
 10213 | D:9      | Found a transporter.
 10214 | D:9      | Found a transporter.
 10483 | D:9      | Reached skill level 5 in Staves
 10586 | D:9      | Found a transporter.
 10690 | D:9      | Found a transporter.
 10958 | D:10     | Entered Level 10 of the Dungeon
 11012 | D:10     | Noticed a two-headed ogre
 11016 | D:10     | Reached skill level 5 in Evocations
 11068 | D:10     | Reached skill level 5 in Dodging
 11108 | D:10     | Noticed a gargoyle
 11111 | D:10     | Killed a gargoyle
 11128 | D:10     | Killed a two-headed ogre
 11128 | D:10     | Offered knowledge of Flame Wave by Vehumet.
 11129 | D:10     | Reached skill level 6 in Fighting
 11129 | D:10     | Reached XP level 11. HP: 64/64 MP: 8/22
 11293 | D:5      | Bought an amulet of reflection for 330 gold pieces
 11345 | D:5      | Bought a fizzy coppery potion for 21 gold pieces
 11345 | D:5      | Bought a white potion for 21 gold pieces
 11620 | D:10     | Noticed an ogre mage
 11624 | D:10     | Killed an ogre mage
 11625 | D:10     | Reached skill level 7 in Fighting
 12053 | D:10     | Found Zeijinne's Weapon Shoppe.
 12057 | D:10     | Found a shimmering blue altar of Sif Muna.
 12463 | D:10     | Reached skill level 8 in Fighting
 12994 | Lair:1   | Entered Level 1 of the Lair of Beasts
 13283 | Lair:1   | Reached skill level 9 in Fighting
 13504 | Lair:1   | Reached **** piety under Vehumet
 13525 | D:9      | Reached XP level 12. HP: 68/76 MP: 5/25
 13640 | Lair:1   | Offered knowledge of Ignite Poison by Vehumet.
 14058 | Lair:1   | Reached skill level 10 in Spellcasting
 14489 | Lair:1   | Reached skill level 10 in Fighting
 14489 | Lair:1   | Reached skill level 5 in Stealth
 15313 | Lair:2   | Found a staircase to the Snake Pit.
 15546 | Lair:2   | Noticed a skyshark
 15872 | Lair:2   | Killed a skyshark
 15935 | Lair:3   | Found a gate leading to a gauntlet.
 15943 | Gauntlet | Entered a Gauntlet
 15943 | Gauntlet | Found a transporter.
 15943 | Gauntlet | Found a runed translucent gate.
 15943 | Gauntlet | Found a runed translucent gate.
 15945 | Gauntlet | Found a runed translucent gate.
 15950 | Gauntlet | Found a transporter.
 15952 | Gauntlet | Found a transporter.
 15963 | Gauntlet | Found a transporter.
 15966 | Gauntlet | Found a transporter.
 15969 | Gauntlet | Noticed a death scarab
 15973 | Gauntlet | Noticed a death scarab
 15977 | Gauntlet | Found a transporter.
 15993 | Gauntlet | Found a transporter.
 16000 | Gauntlet | Noticed a death yak
 16004 | Gauntlet | Found a transporter.
 16010 | Gauntlet | Noticed a death yak
 16011 | Gauntlet | Noticed a death yak
 16019 | Gauntlet | Found a transporter.
 16032 | Gauntlet | Found a transporter.
 16047 | Gauntlet | Found a transporter.
 16047 | Gauntlet | Found a transporter.
 16089 | Gauntlet | Found a transporter.
 16103 | Gauntlet | Found a transporter.
 16350 | Gauntlet | Identified the amulet of Vanity {RegenMP Dex+2}
 16354 | Gauntlet | Identified the +4 quarterstaff of Amorality {heavy, rC+
                  | Str+3 Int+3}
 16379 | Gauntlet | Noticed a minotaur
 16390 | Gauntlet | Killed a minotaur
 16447 | Gauntlet | Identified the +1 leather armour of the Wilderness {+Inv
                  | rElec rC- Dex+3}
 16448 | Gauntlet | Got the Compendium of the Xenolith
 16455 | Gauntlet | Learned a level 5 spell: Lee's Rapid Deconstruction
 16461 | Gauntlet | Identified the +11 war axe of Armageddon {venom, rC+ Str+4}
 16462 | Gauntlet | Got Ceacw's Directory of Forceful Terrain
 16541 | Lair:3   | Noticed a four-headed hydra
 16548 | Lair:3   | Killed a four-headed hydra
 16612 | Lair:3   | Noticed a death yak
 16616 | Lair:3   | Noticed a death yak
 16616 | Lair:3   | Noticed a death yak
 16642 | Lair:3   | Killed a death yak
 16679 | Lair:2   | Killed a death yak
 16973 | Lair:3   | Reached XP level 13. HP: 84/84 MP: 18/27
 17079 | Lair:3   | Reached skill level 11 in Fighting
 17514 | Lair:3   | Found a staircase to the Swamp.
 18303 | Lair:3   | Reached ***** piety under Vehumet
 18495 | Lair:4   | Offered knowledge of Spellforged Servitor by Vehumet.
 18504 | Lair:4   | Learned a level 5 spell: Borgnjor's Vile Clutch
 18777 | Lair:4   | Found a staircase to the Slime Pits.
 18784 | Lair:4   | Identified the staff of cold "Heplixuf" {rF+ rC+}
 19104 | Lair:5   | Entered Level 5 of the Lair of Beasts
 19356 | Lair:5   | Reached skill level 12 in Fighting
 19581 | Lair:5   | Reached skill level 10 in Conjurations
 19675 | Lair:5   | Gained mutation: Your large and strong wings let you fly.
                  | [Gargoyle growth]
 19675 | Lair:5   | Reached XP level 14. HP: 92/92 MP: 22/29
 21098 | Lair:5   | Reached skill level 10 in Earth Magic
 21332 | Lair:5   | Reached skill level 1 in Necromancy
 21847 | Lair:5   | Identified the +5 sling "Conservator" {drain, rF+ rCorr}
 21855 | Lair:5   | Identified the ring of Jinorargh {rPois rC+ Will+ rCorr}
 21863 | Lair:5   | Identified the +4 short sword of Weamiux {speed, rC+ Dex+3}
 22035 | Lair:5   | Offered knowledge of Yara's Violent Unravelling by Vehumet.
 22431 | D:11     | Noticed Sonja
 22434 | D:11     | Killed Sonja
 22594 | D:11     | Learned a level 6 spell: Iron Shot
 22894 | D:11     | Found Ylumnout's Jewellery Shoppe.
 22901 | D:11     | Bought a ring of magical power for 300 gold pieces
 23048 | D:11     | Found a runed translucent gate.
 23048 | D:11     | Found a runed translucent gate.
 23048 | D:11     | Found a runed translucent gate.
 23050 | D:11     | Found an opulent altar of Gozag.
 23053 | D:11     | Noticed diceflayer's ghost (journeyman MiFi)
 23227 | D:12     | Noticed Nergalle
 23238 | D:12     | Killed Nergalle
 23263 | D:12     | Reached XP level 15. HP: 96/96 MP: 30/31
 23378 | D:11     | Reached skill level 10 in Dodging
 23461 | D:12     | Reached skill level 5 in Necromancy
 23748 | D:12     | Reached skill level 1 in Armour
 23942 | D:12     | Found a staircase to the Orcish Mines.
 24036 | D:12     | Identified a scroll of acquirement
 24036 | D:12     | Acquired the ring of Optiggiedd {EV+5 Int+2}
 24287 | Orc:1    | Entered Level 1 of the Orcish Mines
 24639 | Orc:2    | Entered Level 2 of the Orcish Mines
 24639 | Orc:2    | Noticed Rupert
 24775 | D:13     | Found a frozen archway.
 24795 | IceCv    | Entered an ice cave
 24920 | IceCv    | Offered knowledge of Starburst by Vehumet.
 25245 | IceCv    | Reached skill level 5 in Armour
 25569 | IceCv    | Got the Annotations on Graupel
 25902 | D:13     | Identified the +0 leather armour of Curibust {*Corrode +Inv
                  | rF++}
 26297 | D:13     | Found a gate to the Vaults.
 26545 | D:13     | Found Maenoed's Distillery.
 26830 | D:13     | Reached XP level 16. HP: 101/101 MP: 30/32
 27879 | D:14     | Offered knowledge of Plasma Beam by Vehumet.
 27927 | D:14     | Found the +4 skin of Zhor {*Englaciate rC+++ SInv}
 28190 | D:14     | Noticed Nessos
 28195 | D:14     | Killed Nessos
 28470 | D:15     | Entered Level 15 of the Dungeon
 28584 | D:15     | Found a portal to a secret trove of treasure.
 28771 | D:15     | Found a staircase to the Depths.
 29421 | Orc:1    | Killed Rupert
 29612 | Orc:2    | Offered knowledge of Eringya's Noxious Bog by Vehumet.
 29888 | Orc:2    | Identified the +8 chain mail of Fun and Games {Drain rElec
                  | Slay+3}
 30146 | Orc:2    | Found Izaridir's Assorted Antiques.
 30146 | Orc:2    | Found Fiusitiu's Book Boutique.
 30429 | Orc:1    | Reached XP level 17. HP: 106/106 MP: 34/34
 30855 | Orc:1    | Offered knowledge of Conjure Ball Lightning by Vehumet.
 31290 | Orc:2    | Found Joffezim's Armour Emporium.
 31290 | Orc:2    | Found Zaemye Jiutz's Book Boutique.
 31336 | Orc:2    | Bought a scroll of blinking for 165 gold pieces
 31365 | Orc:2    | Found a staircase to the Elven Halls.
 31781 | Snake:1  | Entered Level 1 of the Snake Pit
 31963 | Snake:1  | Found Ekhapuet's Antique Weapon Shoppe.
 32502 | Snake:1  | Reached skill level 10 in Necromancy
 32875 | Snake:2  | Identified the ring of Fogur {Ice Int+3}
 33430 | Snake:2  | Learned a level 2 spell: Blink
 33647 | Snake:2  | Found the +2 shield of Resistance {rF++ rC++ Will++}
 33922 | Snake:3  | Reached skill level 1 in Translocations
 34035 | Snake:3  | Noticed Kirke
 34048 | Snake:3  | Killed Kirke
 34048 | Snake:3  | Offered knowledge of Maxwell's Capacitive Coupling by
                  | Vehumet.
 34223 | Snake:3  | Reached skill level 15 in Earth Magic
 34573 | Snake:3  | Reached XP level 18. HP: 112/112 MP: 10/36
 34741 | Snake:3  | Reached skill level 15 in Spellcasting
 34849 | Snake:3  | Noticed Azrael
 34867 | Snake:3  | Killed Azrael
 35523 | Snake:4  | Entered Level 4 of the Snake Pit
 35697 | Snake:4  | Reached skill level 5 in Translocations
 35846 | Snake:4  | Reached ****** piety under Vehumet
 36344 | Snake:4  | Offered knowledge of Shatter by Vehumet.
 36344 | Snake:4  | Offered knowledge of Chain Lightning by Vehumet.
 36344 | Snake:4  | Offered knowledge of Ignition by Vehumet.
 36404 | Snake:4  | Reached skill level 13 in Fighting
 36681 | Snake:4  | Reached skill level 10 in Shields
 36742 | Snake:4  | Got a serpentine rune of Zot
 37108 | Swamp:1  | Entered Level 1 of the Swamp
 37204 | Swamp:1  | Reached skill level 14 in Fighting
 37231 | Swamp:1  | Noticed Jorgrun
 37275 | Swamp:1  | Killed Jorgrun
 37329 | Swamp:1  | Noticed Louise
 37335 | Swamp:1  | Killed Louise
 37336 | Swamp:1  | Reached XP level 19. HP: 121/121 MP: 28/38
 37875 | Swamp:2  | Reached skill level 15 in Fighting
 38826 | Swamp:3  | Identified the +2 leather armour of Jeiffi {Regen+}
 38956 | Swamp:3  | Reached XP level 20. HP: 131/131 MP: 39/39
 39301 | Swamp:4  | Entered Level 4 of the Swamp
 39425 | Swamp:4  | Reached skill level 16 in Fighting
 39945 | Swamp:4  | Noticed Bai Suzhen
 39965 | Swamp:4  | Killed Bai Suzhen
 40229 | Swamp:4  | Got a decaying rune of Zot
 40579 | Elf:1    | Entered Level 1 of the Elven Halls
 40579 | Elf:1    | Noticed Zenata
 40681 | Vaults:1 | Entered Level 1 of the Vaults
 41088 | Vaults:1 | Reached XP level 21. HP: 114/137 MP: 24/40
 41244 | Vaults:1 | Found a runed translucent door.
 41244 | Vaults:1 | Found a shimmering altar of Xom.
 41244 | Vaults:1 | Noticed discopopstar's ghost (adept MiFi)
 41521 | Vaults:1 | Reached skill level 17 in Fighting
 42088 | Vaults:1 | Found Unoxag's Distillery.
 42096 | Vaults:1 | Bought 2 potions of haste for 300 gold pieces
 42096 | Vaults:1 | Bought a potion of haste for 150 gold pieces
 42096 | Vaults:1 | Bought a potion of invisibility for 120 gold pieces
 42096 | Vaults:1 | Bought a potion of heal wounds for 75 gold pieces
 42096 | Vaults:1 | Bought a potion of heal wounds for 75 gold pieces
 42096 | Vaults:1 | Bought a potion of cancellation for 120 gold pieces
 43589 | Vaults:2 | Reached skill level 18 in Fighting
 43857 | Vaults:2 | Found a transporter.
 43857 | Vaults:2 | Found a transporter.
 44137 | Vaults:2 | Reached XP level 22. HP: 148/148 MP: 41/41
 44231 | Vaults:2 | Identified the +0 helmet of Catatonia {Harm Will+ Int+4
                  | Stlth+}
 44249 | Vaults:2 | Identified the +1 pair of boots "Veameh" {rElec rN+++ Str-4
                  | Stlth-}
 44460 | Vaults:3 | Reached skill level 15 in Shields
 44750 | Vaults:3 | Reached skill level 19 in Fighting
 45320 | Vaults:3 | Found a staircase to the Crypt.
 46035 | Vaults:4 | Identified the staff of air "Dauxtas" {rElec Int+5}
 46117 | Vaults:4 | Reached skill level 20 in Fighting
 46206 | Vaults:4 | Reached skill level 15 in Dodging
 46578 | Vaults:4 | Reached XP level 23. HP: 146/156 MP: 27/42
 47173 | Elf:1    | Killed Zenata
 47933 | Elf:1    | Found Lucint's Weapon Shop.
 48242 | Elf:1    | Noticed Donald
 48247 | Elf:1    | Killed Donald
 48500 | Elf:2    | Paralysed by an air elemental for 1 turns
 48506 | Elf:2    | Paralysed by an air elemental for 1 turns
 48769 | Elf:2    | Found a runed translucent gate.
 48770 | Elf:2    | Found a runed translucent gate.
 48770 | Elf:2    | Found a runed translucent gate.
 48999 | Depths:1 | Entered Level 1 of the Depths
 49110 | Depths:1 | Found Xezxuci's Tiny Tomes.
 49132 | Depths:1 | Noticed Nikola
 49215 | Depths:1 | Killed Nikola
 49233 | Depths:1 | Noticed the Enchantress
 49563 | Depths:1 | Killed the Enchantress
 49674 | Depths:1 | Noticed Asterion
 49688 | Depths:1 | Killed Asterion
 50068 | Depths:1 | Found a runed translucent door.
 50433 | Depths:1 | Found a gateway to Hell.
 50578 | Depths:1 | Acquired the ring of Ucaecs {rF- EV+5 Str+2 Int+4}
 50677 | Depths:2 | Learned a level 8 spell: Lehudib's Crystal Spear
 50707 | Depths:2 | Found a shimmering altar of Xom.
 50708 | Depths:2 | Found a shimmering altar of Xom.
 50710 | Depths:2 | Found a shimmering altar of Xom.
 50711 | Depths:2 | Found a shimmering altar of Xom.
 51257 | Depths:2 | Reached XP level 24. HP: 163/163 MP: 34/43
 51477 | Depths:2 | Identified the -1 cloak of the Game of Life {Rampage rPois
                  | rF+ Str-5}
 51727 | Depths:2 | Found a one-way gate to the infinite horrors of the Abyss.
 51947 | Depths:2 | Found a one-way gate leading to the halls of Pandemonium.
 52094 | Depths:3 | Learned a level 9 spell: Shatter
 52386 | Depths:3 | Acquired 323 gold pieces
 52695 | Depths:3 | Noticed a caustic shrike
 52698 | Depths:3 | Noticed a caustic shrike
 52701 | Depths:3 | Killed a caustic shrike
 52706 | Depths:3 | Killed a caustic shrike
 53031 | Depths:3 | Found Big Baal Hell's Store.
 53120 | Depths:4 | Entered Level 4 of the Depths
 53125 | Depths:4 | Reached skill level 10 in Armour
 53608 | Depths:4 | Found a one-way gateway to a ziggurat.
 54252 | Depths:4 | Found a gate to the Realm of Zot.
 55240 | Elf:3    | Entered Level 3 of the Elven Halls
 55667 | Elf:3    | Found Seeca's Book Shoppe.
 55868 | Elf:3    | Identified the +0 robe "Erhoumoh" {rElec rN+ SInv}
 55915 | Elf:3    | Reached XP level 25. HP: 110/168 MP: 16/45
 56066 | Elf:3    | Identified the +3 broad axe of Paroddim {elec, *Rage rElec
                  | SInv}
 56066 | Elf:3    | Identified the ring "Awkom" {rElec rC+}
 56122 | Elf:3    | Got Rusiaxza's Codex of Blasts and Beckoning
 56127 | Elf:3    | Got the Folio of Windy Arcane Combat
 56224 | Elf:3    | Identified the ring of Gacasage {Ice rN+}
 56229 | Elf:3    | Identified the ring "Xibodoz" {Contam rElec rCorr SInv}
 56260 | Elf:3    | Identified the ring of Bodily Harmony {Wiz rPois}
 56609 | Vaults:5 | Entered Level 5 of the Vaults
 56613 | Vaults:5 | Noticed Margery
 56616 | Vaults:5 | Killed Margery
 57113 | Vaults:5 | Identified the +8 quick blade of Meofups {freeze, Fragile
                  | rPois Str+2 Int+4}
 57195 | Vaults:5 | Identified the ring "Risoabbo" {rCorr EV+5 Str+6}
 57211 | Vaults:5 | Got the Textbook on Vehement Conduction
 57236 | Vaults:5 | Identified the +2 quarterstaff of Disgust {flame, rCorr
                  | Int+5 SInv}
 57332 | Vaults:5 | Identified the staff of air "Nowi" {rElec rC++ Str-2 Dex+4}
 57395 | Vaults:5 | Acquired 928 gold pieces
 57397 | Vaults:5 | Acquired the +1 pair of boots "Renikhlu" {rN+ Int+6}
 57407 | Vaults:5 | Noticed a dread lich
 57412 | Vaults:5 | Killed a dread lich
 57547 | Vaults:5 | Got the Papyrus of Thunder and Geology
 57707 | Vaults:5 | Noticed a dread lich
 57711 | Vaults:5 | Killed a dread lich
 58263 | Vaults:5 | Got a silver rune of Zot
 58310 | Vaults:5 | Identified the +1 short sword of Bodily Harmony {freeze,
                  | Int+5}
 58785 | Zot:1    | Entered Level 1 of the Realm of Zot
 58923 | Zot:1    | Identified the +0 ice dragon scales of Haogox {rF- rC++
                  | SInv}
 58978 | Zot:1    | Reached XP level 26. HP: 147/176 MP: 38/47
 58992 | Zot:1    | Reached skill level 21 in Fighting
 59230 | Zot:1    | Reached skill level 22 in Fighting
 59379 | Zot:1    | Noticed an orb of fire
 59413 | Zot:1    | Gained mutation: You are weak. (Str -2) [an orb of fire]
 59414 | Zot:1    | Gained mutation: Your body sometimes deteriorates upon
                  | taking damage. [an orb of fire]
 59415 | Zot:1    | Killed an orb of fire
 60159 | Zot:2    | Identified the +2 long sword "Orb Guardian's Doom" {flame,
                  | rF+++ rCorr MP-9 SInv}
 60178 | Zot:2    | Reached skill level 23 in Fighting
 61127 | Zot:3    | Found a transporter.
 61134 | Zot:3    | Noticed an orb of fire
 61419 | Zot:3    | Reached skill level 24 in Fighting
 61713 | Zot:3    | Found a transporter.
 62535 | Zot:4    | Reached skill level 25 in Fighting
 62573 | Zot:4    | Reached XP level 27. HP: 193/193 MP: 39/47
 62842 | Zot:5    | Entered Level 5 of the Realm of Zot
 63152 | Zot:5    | Reached skill level 26 in Fighting
 63336 | Zot:5    | Noticed an orb of fire
 63406 | Zot:5    | Noticed an orb of fire
 63409 | Zot:5    | Noticed an ancient lich
 63411 | Zot:5    | Killed an orb of fire
 63413 | Zot:5    | Gained mutation: Your spells are a little harder to cast,
                  | but a little more powerful. [an orb of fire]
 63416 | Zot:5    | Killed an ancient lich
 63417 | Zot:5    | Killed an orb of fire
 63417 | Zot:5    | Noticed an ancient lich
 63419 | Zot:5    | Killed an ancient lich
 63499 | Zot:5    | Noticed an ancient lich
 63503 | Zot:5    | Killed an ancient lich
 63572 | Zot:5    | Noticed an orb of fire
 63608 | Zot:5    | Killed an orb of fire
 63614 | Zot:5    | Reached skill level 27 in Fighting
 63618 | Zot:5    | Noticed a dread lich
 63621 | Zot:5    | Killed a dread lich
 63621 | Zot:5    | Noticed a dread lich
 63623 | Zot:5    | Noticed an ancient lich
 63623 | Zot:5    | Noticed a dread lich
 63627 | Zot:5    | Killed an ancient lich
 63628 | Zot:5    | Killed a dread lich
 63630 | Zot:5    | Killed a dread lich
 63630 | Zot:5    | Noticed an ancient lich
 63631 | Zot:5    | Killed an ancient lich
 64157 | Zot:5    | Noticed an ancient lich
 64162 | Zot:5    | Killed an ancient lich
 64214 | Zot:5    | Got the Orb of Zot
 64480 | Depths:1 | Noticed Ycvom the pandemonium lord
 64802 | D:7      | Noticed Boramep the pandemonium lord
 64938 | D:$      | Escaped with the Orb!

Illustrated notes

Levels and vault maps discovered:
D:1:      wander_arrival_abandoned_jail, layout_loops_ring
D:2:      layout_rooms, hellmonk_ecumenical_altar_run_dry,
          hangedman_decor_points, kennysheep_nub
D:3:      layout_basic, gammafunk_temple_overflow_pools, minmay_joined_circles
D:4:      minmay_chambers_of_threes, layout_basic, cheibrodos_ashenzari_chains,
          serial_shops, shop, minmay_misc_feat_alley, nicolae_shop_clearance
D:5:      cheibrodos_fertilizer, layout_rooms,
          minmay_temple_entry_statues_pillars, serial_shops,
          nicolae_shop_overgrown_old_shop, st_stairs_2,
          nicolae_shop_sticking_my_neck_out, uniq_duvessa
D:6:      layout_loops_ring, minmay_lizard_king
D:7:      layout_layer_cave, lemuel_tele_altar,
          mainiacjoe_overflow_cross_hatched, grunt_ministairs_14
D:8:      layout_basic, mainiacjoe_overflow_alcove_1,
          mainiacjoe_overflow_alcove_4
D:9:      layout_loops_ring, david_lair_shrubbed, nicolae_transporter_circle
D:10:     argonaut_augean_stables, layout_small_grid,
          nicolae_sif_muna_condensation, serial_shops,
          nicolae_shop_tiny_statue_garden, kennysheep_island_fort
D:11:     layout_loops_ring, ebering_ghost_gozag, serial_shops,
          nicolae_shop_pleasant_corner_grove, uniq_sonja
D:12:     layout_long_grid, orc_0_dummy, uniq_nergalle
D:13:     layout_layer_cave, erik_vaults_2, portal_ice_cave_rime, serial_shops,
          nicolae_shop_rolling_square
D:14:     layout_basic, hangedman_decor_clover_reticule,
          hellmonk_guarded_unrand_zhor, uniq_nessos
D:15:     grunt_enter_depths_magical_seal, layout_irregular_city, enter_trove_0,
          dreamdust_wishing_well
Temple:   eino_temple_lava
Lair:1:   layout_gridlike, infiniplex_staircase_pool, lemuel_fruit_tree
Lair:2:   layout_loops_ring, nicolae_snake_entry_squirm
Lair:3:   layout_regular_city, minmay_swamp_entry_eels, gauntlet_entry_generic
Lair:4:   layout_long_grid, nicolae_slime_entry_field_trip, lemuel_fruit_fields,
          grunt_megastairs_4, serial_bayou_shore_b, serial_bayou_shore_a
Lair:5:   grunt_lair_end_beastmaster, layout_layer_cave,
          grunt_forest_large_clearings, lemuel_fruit_fields
Swamp:1:  layout_basic_swamp, evilmike_swamp_ruin_house_6, swamp_pool4,
          nicolae_swamp_little_swirl, infiniplex_staircase_pool_2, uniq_jorgrun,
          uniq_louise
Swamp:2:  layout_falls_marsh, evilmike_swamp_ruin_house_2
Swamp:3:  layout_falls_marsh, evilmike_swamp_ruin_rubble_1
Swamp:4:  swamp_basic_johnstein, layout_basic_swamp, swamp_pool5,
          uniq_bai_suzhen
Snake:1:  layout_gridlike, serial_shops, nicolae_shop_hallway_stairs,
          grunt_megastairs_5
Snake:2:  layout_honeycomb
Snake:3:  layout_chambers, nicolae_snake_salamander_fort, uniq_kirke,
          uniq_azrael
Snake:4:  snake_pit, layout_cave_pods
Orc:1:    nicolae_orc_accident_2, layout_caves
Orc:2:    st_orc_town, layout_caves, elf_legates, uniq_rupert
Elf:1:    eino_elf_arrival_the_gate, layout_loops_corners, mu_enter_wizlab_6,
          serial_shops, shop, hangedman_elven_crosses_minicolossus, uniq_zenata,
          uniq_donald
Elf:2:    nicolae_elf_blades_crystal_corner, layout_geoelf_diagonals
Elf:3:    minmay_elf_hall_four_x, layout_loops_corners, serial_shops,
          nicolae_shop_crystal, abandoned_shop, nicolae_elf_big_sculpture_1
Vaults:1: ebering_ghost_xom, nicolae_vaults_storage_closets_3,
          nicolae_vaults_surprise_closet, nicolae_vaults_little_ls, v_pattern_3,
          nicolae_vaults_shipping_containers_3,
          nicolae_vaults_variable_pillar_hall, vaults_room_grunt_arrival_ludios,
          layout_vaults_omnigrid, serial_shops, nicolae_shop_waterfront
Vaults:2: nicolae_vaults_more_shelving_2, ontoclasm_vaults_eye,
          nicolae_vaults_storage_closets_2, nicolae_vaults_sesquioval_fish,
          grunt_vaults_trifunnel, nicolae_vaults_twisting_passages, v_misc_13,
          gammafunk_the_bubble [the_bubble_gammafunk_split],
          nicolae_vaults_tetromino_T_1, nicolae_vaults_two_Ls,
          nicolae_vaults_tetromino_T_1, ontoclasm_vaults_bender,
          v_alt_pattern_4, layout_vaults_maze
Vaults:3: blue_anna_dwarven_crypt, nicolae_vaults_tetromino_L_1,
          nicolae_vaults_diamond_2, nicolae_vaults_network_star,
          vaults_mumra_hex, nicolae_vaults_heart-shaped_vault, v_alt_pattern_4,
          nicolae_vaults_big_angled_halls, nicolae_vaults_trapezoid_layered,
          nicolae_vaults_bisected_exclaves, vaults_dpeg_encased_lava,
          hangedman_vaults_nodes, nicolae_vaults_apartment_2,
          layout_vaults_omnicross
Vaults:4: dpeg_vaults_monster_box, serial_ice_h, nicolae_vaults_trapezoid_2,
          hangedman_vaults_hat, nicolae_vaults_shipping_containers_1,
          ontoclasm_vaults_ring_small, hangedman_vaults_pinch,
          nicolae_vaults_offset_grid_hallway_3, layout_vaults_ring
Vaults:5: uniq_margery
Depths:1: layout_basic, hell_entry, minivault_14,
          nicolae_shop_i_like_small_books_too, hangedman_aerie_drop,
          uniq_asterion, uniq_nikola, uniq_enchantress
Depths:2: nicolae_BIG_FREAKIN_CUBE, layout_gridlike, xom_redecorated,
          abyss_entry_small_statue_room, pf_hell_entry_tar_river,
          rand_demon_pan_entry_9, grunt_ministairs_12
Depths:3: minmay_octo_star, layout_cave_pools, abyss_entry,
          nicolae_hell_entry_big_baal_hell, minmay_misc_feat_four_crosses
Depths:4: grunt_zot_entry_hairpin, layout_basic, enter_ziggurat_f, hell_entry,
          serial_bayou_ford_a, serial_bayou_shore_b
Zot:1:    layout_cellular_growth
Zot:2:    layout_onion_interference
Zot:3:    gammafunk_sealed_arena, layout_basic
Zot:4:    layout_onion_interference, guppyfry_library_mini
Zot:5:    layout_misc_corridors, st_stairs_13

Skill      XL: |  1  2  3  4  5  6  7  8  9 10 11 12 13 14 15 16 17 18 19 20 21 22 23 24 25 26 27 |
---------------+----------------------------------------------------------------------------------+-----
Earth Magic    | 4 5 6 7 10 12 15 18 20 22 | 22.0
Conjurations   | 1 2 3 5 6 7 8 10 12 | 12.0
Spellcasting   | 3 4 7 9 10 11 12 13 14 15 16 18 20 | 20.0
Transmutations | 1 |  1.0
Fighting       | 3 6 9 10 12 14 15 16 18 20 25 27 | 27.0
Staves         | 3 5 |  5.0
Dodging        | 3 5 7 9 10 11 13 15 16 | 16.2
Shields        | 3 5 6 10 11 12 14 15 | 15.0
Evocations     | 3 5 |  5.0
Stealth        | 3 7 |  7.0
Necromancy     | 4 7 9 10 | 10.0
Armour         | 6 8 11 13 | 13.7
Translocations | 2 6 |  6.0

Action                     |  1- 3 |  4- 6 |  7- 9 | 10-12 | 13-15 | 16-18 | 19-21 | 22-24 | 25-27 || total
---------------------------+-------+-------+-------+-------+-------+-------+-------+-------+-------++-------
  Melee: Staff             |    10 |       |       |   132 |   268 |   212 |   170 |   288 |   103 ||  1183
   Cast: Sandblast         |    56 |    77 |   114 |    56 |    34 |       |       |       |       ||   337
         Stone Arrow       |       |     4 |    65 |   235 |   291 |    18 |     5 |       |       ||   618
         Lee's Rapid Decon |       |       |       |     2 |   182 |   137 |    28 |   215 |    23 ||   587
         Borgnjor's Vile C |       |       |       |       |    69 |   288 |   189 |   280 |   156 ||   982
         Iron Shot         |       |       |       |       |    48 |   213 |   254 |   208 |    88 ||   811
         Blink             |       |       |       |       |       |     1 |       |       |       ||     1
         Lehudib's Crystal |       |       |       |       |       |       |       |    20 |    72 ||    92
         Shatter           |       |       |       |       |       |       |       |       |   156 ||   156
  Evoke: Wand              |       |       |       |    10 |     3 |     1 |       |     5 |     3 ||    22
         Phial of floods   |       |       |       |       |       |       |       |     1 |       ||     1
         Phantom mirror    |       |       |       |       |       |       |       |     1 |       ||     1
         Condenser vane    |       |       |       |       |       |       |       |     1 |       ||     1
    Use: Scroll            |     1 |    12 |     5 |    12 |     7 |     4 |       |     3 |     6 ||    50
         Potion            |       |     1 |       |     2 |       |     2 |     5 |     3 |     7 ||    20
   Stab: Distracted        |       |       |       |       |       |     1 |       |       |       ||     1
         Confused          |       |       |       |       |       |       |     2 |       |       ||     2
 Armour: Robe              |    10 |    24 |    22 |   108 |   264 |       |       |       |       ||   428
         Troll leather arm |       |       |       |       |    70 |   151 |   126 |    89 |       ||   436
         Acid dragon scale |       |       |       |       |       |       |       |   101 |   113 ||   214
  Dodge: Dodged            |    19 |    15 |    34 |   104 |   494 |   289 |   161 |   292 |   198 ||  1606
  Block: Buckler           |       |       |     2 |   153 |   227 |    65 |       |       |       ||   447
         Reflection        |       |       |       |     5 |       |       |       |       |       ||     5
         Kite shield       |       |       |       |       |       |   121 |   205 |   328 |   154 ||   808
